 Dungeon Crawl Stone Soup version 0.13-a0-1660-ga2b9f94 (webtiles) character file.

118 M4edhros the Sneak (level 3, -1/24 HPs)
             Began as an Octopode Artificer on June 18, 2013.
             Hit by an exploding dart thrown by a kobold (3 damage)
             ... on Level 2 of the Dungeon.
             The game lasted 00:02:19 (1246 turns).

M4edhros the Sneak (Octopode Artificer)             Turns: 1246, Time: 00:02:19

HP  -1/24        AC  1     Str 10      XL: 3   Next: 37%
MP  13/13        EV 12     Int 15      God:
Gold 82          SH  0     Dex 12      Spells:  0 memorised,  2 levels left

Res.Fire  : . . .   See Invis. : .   a - +1,+0 orc whip (elec)
Res.Cold  : . . .   Warding    : .   (no shield)
Life Prot.: . . .   Conserve   : .   (helmet restricted)
Res.Poison: .       Res.Corr.  : .   (no amulet)
Res.Elec. : .       Clarity    : .   i - ring of magical power
Sust.Abil.: . .     Spirit.Shd : .   (no ring)
Res.Mut.  : .       Stasis     : .   (no ring)
Res.Rott. : .       Flight     : .   (no ring)
Saprovore : . . .                    (no ring)
                                     (no ring)
                                     (no ring)
                                     (no ring)

@: mildly poisoned, not resistant to hostile enchantments, quite stealthy
A: almost no armour, amphibious, 8 rings, constrict 8, camouflage 1, AC +1
a: no special abilities


You were on level 2 of the Dungeon.
You were hungry.

You visited 1 branch of the dungeon, and saw 2 of its levels.

You collected 62 gold pieces.

Inventory:

Hand weapons
 a - a +1,+0 orcish whip of electrocution (weapon)
 g - a +0,+2 spear of venom (quivered)
Magical devices
 b - a wand of flame (15)
 c - a wand of enslavement (13)
 d - a wand of random effects (15)
Comestibles
 f - a bread ration
 q - a rotting chunk of giant cockroach flesh
Scrolls
 e - 2 scrolls of identify
 h - a scroll of curse jewellery {unknown}
 m - 2 scrolls of teleportation
Jewellery
 i - a ring of magical power (left tentacle)


   Skills:
 - Level 1.0 Fighting
   Level 1.0 Short Blades
 * Level 0.8 Maces & Flails
 + Level 2.7 Dodging
 + Level 3.3 Stealth
 - Level 2.1 Traps
 - Level 3.2 Evocations


You had 2 spell levels left.
You didn't know any spells.

Dungeon Overview and Level Annotations

Branches:
Dungeon (2/27)

Altars:


Innate Abilities, Weirdness & Mutations

You cannot wear most types of armour.
You are amphibious.
You can wear up to eight rings at the same time.
You can use your tentacles to constrict many enemies at once.
Your skin changes colour to match your surroundings (Stlth).
Your rubbery body absorbs attacks (AC +1).


Message History

Wait here!
* * * LOW HITPOINT WARNING * * *
You feel sick.
* * * LOW HITPOINT WARNING * * *
You feel sick.
You aren't carrying any potions.
* * * LOW HITPOINT WARNING * * *
You feel sick.
A kobold comes into view. It is wielding a dagger.
Your adder bites the kobold but does no damage.
The kobold hits your adder with a dagger.
Your adder bites the kobold but does no damage.
Your adder closely misses the kobold.
The kobold throws an exploding dart.
The exploding dart misses you.
The exploding dart explodes!
* * * LOW HITPOINT WARNING * * *
You feel sick.
You feel a little better.
Your adder misses the kobold.
The kobold throws an exploding dart.
The exploding dart hits you!
You die...

.>.
########.##....#..#
... #...##...#..#
#...##...#..#
#...##...#..#
##.###...#..#
##.##.......#
#...#.(.....#
#...#.......#
#.@.##$.....#
########.###...$..#
..................#
########.###...#...#
......S...# .#
#..S###.#.# #.K.#
#)#.# #...# #.#.#
###.# #.#.#


You could see a kobold and a friendly adder.

Vanquished Creatures
  An adder (D:2)
  4 bats
  4 giant cockroaches
  A hobgoblin (D:1)
  2 kobolds (D:1)
  2 giant newts
  6 goblins (D:1)
  5 rats
25 creatures vanquished.

Vanquished Creatures (collateral kills)
  A goblin (D:2)
1 creature vanquished.

Vanquished Creatures (others)
  A hobgoblin (D:1)
1 creature vanquished.

Grand Total: 27 creatures vanquished

Notes
Turn   | Place    | Note
--------------------------------------------------------------
     0 | D:1      | M4edhros, the Octopode Artificer, began the quest for the Orb.
     0 | D:1      | Reached XP level 1. HP: 14/14 MP: 1/1
   468 | D:1      | Reached XP level 2. HP: 14/19 MP: 3/3
  1186 | D:2      | Reached XP level 3. HP: 24/24 MP: 4/4
  1246 | D:2      | Hit by an exploding dart thrown by a kobold

Action                   || total
-------------------------++-------
Melee: Spear             ||     8
       Dagger            ||    40
       Whip              ||     7
Evoke: Wand              ||     2
  Use: Scroll            ||     7
       Potion            ||     2
 Stab: Sleeping          ||     3
